 Dungeon Crawl Stone Soup version 0.21-a0-426-g98080a9 (webtiles) character file.

1117 Ijustatesigmund the Sneak (level 8, -9/54 HPs)
             Began as an Octopode Enchanter on Nov 3, 2017.
             Mangled by a small abomination (19 damage)
             ... on level 1 of the Abyss on Nov 6, 2017.
             The game lasted 00:12:42 (5148 turns).

Ijustatesigmund the Sneak (Octopode Enchanter)      Turns: 5148, Time: 00:12:43

Health: -9/54      AC:  1    Str:  7    XL:     8   Next: 34%
Magic:  11/11      EV: 15    Int: 18    God:
Gold:   305        SH:  0    Dex: 14    Spells: 8/11 levels left

rFire    . . .     SeeInvis .   a - +2 dagger
rCold    . . .     Gourm    .   (no shield)
rNeg     . . .     Faith    .   (helmet restricted)
rPois    .         Spirit   .   m - amulet of regeneration
rElec    .         Reflect  .   o - ring of resist corrosion
rCorr    +         Harm     .   (no ring)
MR       .....                  (no ring)
Stlth    ++++......             (no ring)
HPRegen  0.58/turn              (no ring)
MPRegen  0.12/turn              (no ring)
                                (no ring)
                                (no ring)

@: no status effects
A: almost no armour, stealthy swim, amphibious, 8 rings, constrict 8, camouflage
1, gelatinous body 1
a: no special abilities


You were on level 1 of the Abyss.
You were not hungry.

You visited 1 branch of the dungeon, and saw 6 of its levels.
You visited the Abyss 1 time.
You also visited: Ossuary.

You collected 305 gold pieces.

Inventory:

Hand Weapons
 a - a +2 dagger (weapon)
 e - a +0 blowgun
 g - a +0 dagger of distortion
Missiles
 h - 32 poisoned needles
Jewellery
 m - an amulet of regeneration (around mantle)
 o - a ring of resist corrosion (left tentacle)
Wands
 d - a wand of flame (8/48)
 p - a wand of lightning (7/15)
Scrolls
 n - 2 scrolls of remove curse
Potions
 i - a potion of curing
 k - a potion of magic
 l - 2 potions of brilliance
 t - a potion of ambrosia
Books
 b - a book of Maledictions

   Spells                             Type                      Level
   a - Corona                         Hexes                        1
   b - Ensorcelled Hibernation        Hexes/Ice                    2
   c - Confuse                        Hexes                        3
   d - Tukima's Dance                 Hexes                        3
   e - Dazzling Spray                 Conjuration/Hexes            3
 j - a book of Enchantments

   Spells                             Type                      Level
   a - Cause Fear                     Hexes                        4
   b - Yara's Violent Unravelling     Hexes/Transmutation          5
   c - Silence                        Hexes/Air                    5
   d - Deflect Missiles               Charms/Air                   6
   e - Discord                        Hexes                        8
Comestibles
 c - 3 bread rations
 f - 4 meat rations
 q - 2 fruits


   Skills:
 + Level 4.5 Fighting
 + Level 4.8 Short Blades
 + Level 4.5 Dodging
 - Level 6.6 Stealth
 - Level 2.0 Spellcasting
 - Level 3.0 Hexes
 - Level 3.4 Ice Magic


You had 8 spell levels left.
You knew the following spells:

 Your Spells              Type           Power        Failure   Level  Hunger
a - Corona                Hex            ##.....      5%          1    #......
b - Ensorcelled Hibernat  Hex/Ice        ##....       8%          2    ###....


Dungeon Overview and Level Annotations

Branches:
Dungeon (6/15)
 Temple: D:4-7

Altars:
Dithmenos
Elyvilon
Hepliaklqana
Qazlal

Shops:
D:4 %

Annotations:
D:4 ReniFell's ghost, amateur OpTm


Innate Abilities, Weirdness & Mutations

You cannot wear most types of armour.
You are very stealthy in the water. (Stealth+)
You are amphibious.
You can wear up to eight rings at the same time.
You can use your tentacles to constrict eight enemies at once.
Your skin changes colour to match your surroundings (Stealth+).
Your rubbery body absorbs attacks. (AC +1, EV +1)


Message History

Found 16 stones.
You now have 268 gold pieces (gained 26).
Found a lamp of fire.
A ynoxinul comes into view.
Found a scroll of remove curse and a scroll of identify.
Your magical contamination has completely faded away.
Found a runed glaive.
Found 37 gold pieces.
You now have 305 gold pieces (gained 37).
Found a potion of degeneration.
The yellow draconian scorcher roars!
The yellow draconian scorcher points at you and mumbles some strange words.
The sphere of damnation explodes!
The damnation engulfs you!
Ouch! That really hurt!
* * * LOW HITPOINT WARNING * * *
You hear a roar!
A small abomination comes into view.
The thrashing horror roars!
The small abomination hits you!!
You die...

.# #. .
#.##.##.#...
#. . ....##
..# ....### #
###.####
##x##..
##@##.#
#.....#
##..###
#.##......
##.# ..#..#
#.X #.# #
.X#...#..
§§........§..#
X##...#..q§. #


You could see a thrashing horror and a small abomination.

Vanquished Creatures
  Grinder (D:3)
  Edmund (D:6)
  An orc warrior (D:6)
  An ogre (D:5)
  A centaur (D:6)
  A bullfrog (D:5)
  A bullfrog zombie (D:5)
  A crimson imp (D:5)
  A hound (D:5)
  An orc priest (D:6)
  A bullfrog skeleton (D:6)
  A worker ant (D:5)
  An iguana (D:6)
  6 mummies (Ossuary)
  A worker ant zombie (D:6)
  A howler monkey skeleton (D:6)
  6 adders
  An adder skeleton (D:4)
  7 worms
  A dart slug (D:1)
  2 leopard geckos
  5 orcs
  4 bats
  2 giant cockroaches
  2 gnoll zombies (Ossuary)
  7 goblins
  10 hobgoblins
  8 jackals (D:1)
  2 quokkas
  A ball python (D:3)
  A frilled lizard (D:2)
  2 hobgoblin zombies (Ossuary)
  A jackal skeleton (D:6)
  13 kobolds
  A kobold zombie (Ossuary)
  3 orc zombies (Ossuary)
  10 rats
110 creatures vanquished.

Notes
Turn   | Place    | Note
-------+----------+-------------------------------------------
     0 | D:1      | Ijustatesigmund the Octopode Enchanter began the quest for the Orb.
     0 | D:1      | Reached XP level 1. HP: 11/11 MP: 3/3
   416 | D:1      | Reached skill level 1 in Fighting
   416 | D:1      | Reached XP level 2. HP: 15/18 MP: 5/5
   570 | D:1      | Learned a level 2 spell: Ensorcelled Hibernation
   705 | D:1      | Reached XP level 3. HP: 9/23 MP: 6/6
  1726 | D:2      | Found a shadowy altar of Dithmenos.
  1810 | D:2      | Reached XP level 4. HP: 15/29 MP: 2/7
  1959 | D:2      | Reached skill level 1 in Ice Magic
  2497 | D:3      | Reached skill level 5 in Stealth
  2561 | D:3      | Noticed Grinder
  2571 | D:3      | Killed Grinder
  2571 | D:3      | Reached skill level 6 in Stealth
  2571 | D:3      | Reached XP level 5. HP: 12/34 MP: 6/8
  2571 | D:3      | Reached XP level 6. HP: 13/39 MP: 6/9
  2888 | D:3      | Found a stormy altar of Qazlal.
  3268 | D:4      | Noticed ReniFell's ghost (amateur OpTm)
  3341 | D:4      | Found Motokhle's Food Boutique.
  3394 | D:5      | Entered Level 5 of the Dungeon
  3865 | D:5      | Reached XP level 7. HP: 24/45 MP: 10/10
  4666 | D:6      | Found a hazy altar of Hepliaklqana.
  4682 | D:6      | Reached XP level 8. HP: 25/54 MP: 4/11
  4753 | D:6      | Noticed Edmund
  4761 | D:6      | Killed Edmund
  4836 | D:6      | Found a white marble altar of Elyvilon.
  4894 | D:6      | Found a sand-covered staircase.
  4905 | Ossuary  | Entered an ossuary
  4994 | Ossuary  | Upgraded the game from 0.21-a0-417-g0adc95b to 0.21-a0-426-g98080a9
  5035 | Ossuary  | Cast into level 1 of the Abyss (a distortion unwield)
  5039 | Abyss:1  | Found a corrupted altar of Lugonu.
  5115 | Abyss:1  | Noticed a ynoxinul
  5143 | Abyss:1  | Noticed a thrashing horror
  5143 | Abyss:1  | Noticed a yellow draconian scorcher
  5148 | Abyss:1  | Mangled by a small abomination

Vault maps used:
D:1:      dpeg_arrival_chase
D:2:      grunt_dithmenos_smoke_and_mirrors
D:3:      marbit_many_paths, first_bread, uniq_grinder
D:4:      serial_shops, nicolae_shop_stone
D:6:      overflow_temple_1_default, nicolae_ossuary_entry_monument,
          elyvilon_altar_4, uniq_edmund
Ossuary:  ossuary_tomb_3

Skill      XL: |  1  2  3  4  5  6  7  8 |
---------------+-------------------------+-----
Fighting       | 1 2 3 4 |  4.5
Short Blades   | 2 3 4 |  4.8
Ice Magic      | 3 |  3.4
Stealth        | 6 |  6.6
Dodging        | 3 4 |  4.5
Spellcasting   | |  2.0
Hexes          | |  3.0

Action                   |  1- 3 |  4- 6 |  7- 9 || total
-------------------------+-------+-------+-------++-------
Melee: Dagger            |   104 |    80 |   110 ||   294
       Constrict         |    25 |     9 |    24 ||    58
       Tentacles         |    16 |     9 |    29 ||    54
 Cast: Ensorcelled Hiber |     5 |     4 |    13 ||    22
       Corona            |       |     1 |       ||     1
Evoke: Wand              |       |       |     3 ||     3
  Use: Potion            |     1 |     2 |     2 ||     5
       Scroll            |     1 |     5 |     6 ||    12
 Stab: Sleeping          |    12 |    22 |    10 ||    44
  Eat: Chunk             |     3 |     7 |     3 ||    13
       Fruit             |       |       |     2 ||     2
Armor: Skin              |     6 |     4 |     5 ||    15
Dodge: Dodged            |    71 |    28 |    60 ||   159

Table legend:
 A = Spawn XP
 B = Non-spawn XP
 C = Spawn XP percentage of total XP
 D = Spawn monster count
 E = Non-spawn monster count
 F = Spawn count percentage of total count
 G = Total turns spent on level
                    A         B        C        D         E        F      G
               +---------+---------+-------+---------+---------+-------+---------
         Total |       0 |    1597 |   0.0 |       0 |     110 |   0.0 |  5148
               +---------+---------+-------+---------+---------+-------+---------
           D:1 |       0 |      67 |   0.0 |       0 |      36 |   0.0 |  1649
           D:2 |       0 |      37 |   0.0 |       0 |      12 |   0.0 |   562
           D:3 |       0 |     400 |   0.0 |       0 |      25 |   0.0 |  1112
           D:4 |       0 |       5 |   0.0 |       0 |       1 |   0.0 |    71
           D:5 |       0 |     383 |   0.0 |       0 |       7 |   0.0 |  1061
           D:6 |       0 |     587 |   0.0 |       0 |      15 |   0.0 |   450
       Ossuary |       0 |     118 |   0.0 |       0 |      14 |   0.0 |   130
               +---------+---------+-------+---------+---------+-------+---------
